AoeStats
← Eyesoflies16

Coastal Forest

510625894Analyzed
4v4 RM · 21h ago on Oct 1, 2026· 53m 51s· 8 players
Game mode
Random Map
Map size
Large (8 player)
Population
200
Speed
Normal
Resources
Standard
Victory
Conquest
Starting age
Dark Age
Ending age
Imperial Age
RankedLock teamsTeams togetherTeam positionsShared explorationLock speedFull tech treeHidden civsTurbo modeCheats
Victory
Defeat
🇮🇳 Turks · India
924
+12
🇵🇪 Khmer · Peru
799
+17
🇰🇿 Wei · Kazakhstan
762
+19
🇵🇪 Vikings · Peru
726
+19
🇺🇸 Wei · United States
880
-19
🇨🇴 Portuguese · Colombia
835
-17
🇧🇴 Lithuanians · Bolivia
827
-17
🇪🇸 Byzantines · Spain
762
-14
BALROG
12:05 Feudal Age
10:21 Loom
12:44 Man-at-Arms
22:21 Castle Age
22:26 Pikeman
32:36 Double-Bit Axe
43:40 Imperial Age
47:50 Imperial Age
49:42 Chemistry
Surfer's Gambit
0:27 Loom
Edcastillo
Eyesoflies16
ageofscarlet
11:10 Feudal Age
11:37 Loom
14:34 Forging
15:34 Scale Barding Armor
life_stuck_in_errors
0:26 Loom
God Ganesh
1:18 Loom
15:27 Feudal Age
16:07 Horse Collar
16:32 Double-Bit Axe
23:05 Castle Age
27:25 Fletching
33:22 Imperial Age
34:23 Double Crossbow
34:36 Heavy Scorpion
37:25 Chemistry
37:11 Heated Shot
37:22 Gold Mining
38:57 Siege Engineers
39:50 Wheelbarrow
40:04 Bow Saw
46:30 Onager
DavidxGabriel
0:56 Loom
16:46 Feudal Age
17:38 Town Watch
20:09 Gold Mining
20:13 Stone Mining
20:09 Double-Bit Axe
20:53 Forging
23:15 Castle Age
21:38 Fletching
24:54 Iron Casting
24:56 Bow Saw
24:53 Town Patrol
24:58 Bodkin Arrow
27:00 Caravan
29:11 Gold Shaft Mining
28:38 Scale Mail Armor
35:07 Chain Mail Armor
40:07 Imperial Age
37:19 Horse Collar
37:23 Fishing Lines
37:45 Padded Archer Armor
37:44 Murder Holes
38:10 Ballistics
37:30 Treadmill Crane
38:01 Masonry
38:02 Fortified Wall
40:12 Leather Archer Armor
40:17 Onager
41:59 Chemistry
41:05 Siege Engineers
41:49 Arrowslits
41:47 Heavy Scorpion
42:29 Bracer
43:30 Two-Man Saw
45:10 Guard Tower
45:50 Architecture
46:23 Blast Furnace
45:54 Plate Mail Armor
45:25 Squires
45:12 Arson
45:29 Chieftains
45:30 Bogsveigar
45:50 Conscription
46:35 Capped Ram
50:39 Siege Ram
53:32 Elite Berserk
54:44 Ring Archer Armor
Connection lost

Rejoining the realm…

Still unreachable

The connection could not be restored.

Session expired

The server has moved on; the page needs a fresh start.